Map: Purity and Industry LE

Players

IlIlIlIlIlIl

  • Race: Terran Terran
  • League: Master
  • Spawn Location: 3:00

llllllllllll - Winner!

  • Race: Protoss Protoss
  • League: Master
  • Spawn Location: 12:00

VOD

Have the link to the VOD?

Description

Time

  • Played on: March 27, 2020, 6:03 p.m.
  • Length: 11:30
Show
View Real Time Build Order
Export as new Build Order

IlIlIlIlIlIl Terran 

Build Orders: Reaper Expand 

Get SALT Encoding   

  12  0:00  SCV  
  13  0:12  SCV  
  14  0:17  Supply Depot  
  14  0:25  SCV  
  15  0:39  SCV  
  15  0:40  Barracks  
  16  0:44  Refinery  
  16  0:51  SCV  
  17  1:05  SCV  
  18  1:17  SCV  
  19  1:30  Reaper  
  19  1:31  Orbital Command  
  20  1:43  Command Center  
  20  1:51  Supply Depot  
  20  1:58  SCV  
  21  2:02  Barracks Reactor  
  21  2:11  SCV  
  21  2:15  Barracks  
  22  2:23  SCV  
  22  2:28  Factory  
  23  2:33  Refinery  
  23  2:35  SCV  
  24  2:38  Marine  
  24  2:39  Marine  
  26  2:47  SCV  
  27  2:57  Marine x2  
  27  2:58  Orbital Command  
  29  2:59  SCV  
  29  3:04  Barracks Tech Lab  
  31  3:12  SCV  
  31  3:14  Bunker  
  31  3:19  Starport  
  31  3:24  Stimpack  
  31  3:27  SCV x2  
  31  3:31  Marine  
  31  3:32  Marine  
  35  3:34  Marine  
  35  3:39  SCV  
  35  3:40  Widow Mine  
  39  3:42  SCV  
  39  3:46  Supply Depot  
  40  3:55  Marine x3  
  41  4:00  Engineering Bay  
  38  4:05  Widow Mine  
  40  4:12  SCV  
  40  4:13  SCV  
  40  4:15  Marine x3  
  45  4:22  Supply Depot  
  45  4:31  Medivac, SCV  
  46  4:32  Widow Mine, SCV  
  51  4:38  Supply Depot  
  50  4:46  Terran Infantry Weapons Level 1  
  50  4:51  SCV x2  
  52  4:53  Missile Turret  
  52  4:54  Missile Turret  
  52  5:01  Factory Reactor  
  52  5:02  Medivac  
  52  5:04  SCV x2  
  52  5:06  Combat Shield  
  56  5:14  Barracks  
  56  5:17  SCV  
  56  5:18  SCV  
  58  5:24  Marine x3  
  61  5:29  Supply Depot, SCV  
  61  5:30  SCV  
  60  5:41  SCV  
  60  5:42  SCV  
  62  5:46  Marine x3  
  58  6:04  Marine  
  56  6:05  Starport Reactor  
  56  6:08  SCV  
  56  6:11  Starport  
  55  6:12  Barracks x2  
  55  6:13  Factory Reactor  
  55  6:16  Marine x3  
  55  6:17  SCV  
  57  6:19  Refinery  
  57  6:20  SCV  
  57  6:21  Refinery  
  57  6:24  Marine  
  59  6:28  Concussive Shells  
  59  6:32  SCV  
  60  6:34  Marine  
  60  6:35  Supply Depot  
  60  6:38  Marine x3  
  64  6:41  Terran Infantry Armor Level 1  
  64  6:49  Viking  
  64  6:50  Viking x2  
  70  6:57  Marine x4  
  70  6:58  Marine  
  71  7:04  Barracks Reactor x2  
  71  7:05  Widow Mine  
  71  7:06  Widow Mine  
  73  7:12  SCV x2  
  73  7:15  Marine  
  76  7:20  Marine x3  
  79  7:25  Medivac  
  79  7:28  Viking x2, Supply Depot  
  85  7:33  Widow Mine  
  85  7:34  SCV x2  
  89  7:43  Marine x5  
  94  7:49  SCV, Marine x4  
  99  8:06  Widow Mine x2  
  99  8:09  Command Center, SCV  
  99  8:10  Armory, SCV  
  104  8:17  Medivac x2  
  108  8:24  Marine  
  109  8:34  Marine  
  109  8:35  Marine x5  
  109  8:36  Supply Depot x2  
  114  8:49  Viking x2  
  118  8:57  Viking  
  118  9:02  Marine x7  
  124  9:03  Marine  
  128  9:17  Terran Ship Weapons Level 1  
  128  9:19  Engineering Bay  
  128  9:24  Orbital Command  
  131  9:35  Viking x2  
  131  9:36  Viking  
  134  9:46  Marine  
  134  9:47  Marine x8  
  143  9:53  Supply Depot  
  143  9:56  Widow Mine x2  
  147  10:01  Supply Depot  
  147  10:03  SCV x3  
  150  10:11  Ghost Academy  
  148  10:22  Marauder, Marine x2  
  148  10:23  Marine x6  
  148  10:26  Viking x2  
  162  10:38  Widow Mine x2, Medivac  
  168  10:46  Marine x5  
  173  10:51  Marine x2  
  173  10:56  Medivac  
  168  11:06  Marine x2  
Show
View Real Time Build Order
Export as new Build Order

llllllllllll Protoss - Winner!

Build Orders: 1 Gate Expand, Oracle Opening, Phoenix Opening, Carriers, Carrier Rush 

Get SALT Encoding   

  12  0:01  Probe  
  13  0:13  Probe  
  14  0:18  Pylon  
  14  0:25  Probe (Chrono Boost)  
  15  0:37  Probe (Chrono Boost)  
  15  0:39  Gateway  
  15  0:42  Probe (Chrono Boost)  
  16  0:49  Assimilator  
  17  0:54  Probe (Chrono Boost)  
  18  1:06  Probe (Chrono Boost)  
  19  1:14  Probe (Chrono Boost)  
  20  1:24  Nexus  
  20  1:35  Cybernetics Core  
  20  1:37  Probe  
  21  1:41  Assimilator  
  21  1:49  Probe  
  21  1:51  Pylon  
  22  2:01  Probe  
  23  2:08  Adept (Chrono Boost)  
  23  2:13  Probe  
  26  2:22  Stargate  
  26  2:25  Probe  
  26  2:26  Warp Gate  
  27  2:35  Adept  
  29  2:37  Probe  
  29  2:39  Probe  
  31  2:49  Probe  
  32  2:51  Probe  
  33  3:00  Assimilator  
  33  3:02  Probe  
  33  3:03  Probe  
  33  3:04  Oracle (Chrono Boost)  
  33  3:05  Adept  
  40  3:14  Probe  
  40  3:15  Probe  
  42  3:22  Pylon  
  42  3:26  Probe  
  43  3:29  Probe  
  44  3:34  Phoenix  
  44  3:40  Probe  
  47  3:45  Probe  
  48  4:02  Probe x2  
  50  4:09  Fleet Beacon  
  50  4:14  Probe x2  
  50  4:15  Stargate  
  50  4:16  Pylon  
  52  4:19  Adept  
  54  4:24  Pylon  
  54  4:29  Shield Battery x2  
  54  4:32  Pylon  
  54  4:34  Probe x2  
  54  4:36  Assimilator  
  56  4:46  Probe x2  
  56  4:52  Pylon  
  58  4:57  Carrier (Chrono Boost)  
  64  5:05  Zealot  
  72  5:17  Pylon  
  72  5:18  Carrier (Chrono Boost)  
  72  5:26  Nexus  
  72  5:48  Carrier (Chrono Boost)  
  68  6:06  Adept  
  68  6:07  Probe x2  
  72  6:15  Carrier (Chrono Boost)  
  78  6:19  Probe x2  
  78  6:22  Gateway  
  78  6:25  Gateway  
  80  6:28  Shield Battery  
  80  6:31  Probe x2  
  82  6:33  Assimilator  
  82  6:36  Twilight Council  
  82  6:38  Assimilator  
  82  6:43  Probe  
  82  6:52  Probe  
  83  6:55  Probe  
  83  6:59  Probe  
  83  7:01  Forge  
  83  7:03  Carrier (Chrono Boost)  
  83  7:04  Probe  
  83  7:08  Probe  
  91  7:10  Charge (Chrono Boost)  
  91  7:11  Probe  
  92  7:16  Pylon  
  92  7:18  Probe  
  92  7:20  Probe  
  94  7:23  Probe  
  94  7:26  Protoss Air Weapons Level 1 (Chrono Boost)  
  101  7:30  Probe  
  101  7:32  Probe  
  101  7:36  Carrier (Chrono Boost)  
  104  7:40  Photon Cannon  
  104  7:42  Probe, Photon Cannon  
  104  7:44  Photon Cannon  
  104  7:46  Probe  
  106  7:51  Adept  
  106  7:56  Carrier (Chrono Boost)  
  112  8:15  Zealot x2  
  112  8:18  Pylon  
  112  8:19  Pylon  
  116  8:21  Gateway  
  116  8:24  Gateway  
  116  8:29  Pylon  
  116  8:31  Gateway  
  116  8:33  Gateway, Probe  
  117  8:38  Pylon  
  117  8:41  Zealot  
  117  8:42  Zealot x2  
  123  8:57  Carrier  
  129  9:03  Templar Archives  
  129  9:06  Gateway  
  129  9:08  Probe x2  
  129  9:09  Probe  
  132  9:14  Zealot  
  132  9:15  Zealot  
  132  9:16  Zealot  
  138  9:19  Pylon  
  138  9:20  Probe  
  138  9:21  Probe  
  138  9:23  Probe  
  141  9:31  Gateway  
  141  9:34  Pylon  
  141  9:40  High Templar x2  
  141  9:41  High Templar x2  
  141  9:42  Pylon  
  141  9:44  Archon  
  141  9:45  Archon  
  149  9:54  Zealot, High Templar x2  
  149  9:58  Nexus, Archon  
  155  10:04  Gateway  
  155  10:06  Gateway  
  155  10:14  Zealot x4  
  159  10:15  Zealot  
  165  10:29  Pylon  
  165  10:33  Pylon  
  165  10:42  Pylon  
  165  10:43  Pylon  
  165  10:50  Zealot x4  
  165  10:51  Zealot x2  
  152  11:08  Zealot x4  
  152  11:09  Zealot  
  138  11:23  Zealot x5  
Tags
 
Add a new tag
Caveats
  • Supply blocks, unpowered buildings, or Contaminate may cause inaccurate times.
  • Supply counts are checked every 10 seconds.